 Dungeon Crawl Stone Soup version 0.30-a0-847-g17996783a1 (webtiles) character file.

Game seed: 2644876508320308967

44809 jasper the Thaumaturge (level 13, -1/113 HPs)
             Began as a Demonspawn Venom Mage on Mar 3, 2023.
             Was a High Priest of Vehumet.
             Engulfed by an ice statue's freezing vapour (18 damage)
             ... on level 4 of the Lair of Beasts.
             The game lasted 00:45:30 (23534 turns).

jasper the Thaumaturge (Demonspawn Venom Mage)     Turns: 23534, Time: 00:45:30

Health: -1/113     AC: 15    Str: 14    XL:     13   Next: 98%
Magic:  20/31      EV: 16    Int: 26    God:    Vehumet [*****.]
Gold:   1257       SH:  0    Dex: 14    Spells: 0/40 levels left

rFire   . . .      SeeInvis +    N - +7 rapier "Ynos" {speed, rPois Will+ Str+4}
rCold   . . .      Faith    .    (no shield)
rNeg    . . .      Spirit   .    a - +1 robe
rPois   +          Reflect  .    O - +1 hat
rElec   .          Rampage  .    J - +0 cloak
rCorr   .                        s - +0 pair of gloves
Will    +....                    (boots unavailable)
Stlth   ++                       (no amulet)
HPRegen 0.38/turn                m - ring of see invisible
MPRegen 0.22/turn                x - +6 ring of intelligence

@: sanguine armoured
A: hooves 3, ignite blood 2, robust 1, spiny 2, sanguine armour 2
a: Renounce Religion


You were on level 4 of the Lair of Beasts.
You worshipped Vehumet.
Vehumet was extremely pleased with you.
You visited 5 branches of the dungeon, and saw 19 of its levels.

You collected 1257 gold pieces.

Inventory:

Hand Weapons
 e - a +0 dagger
 g - a +0 short sword
 i - a +1 spear
 l - the +7 trident of Quantum Leap {pain, Will- MP-9 Str+4 Int+3}
   (You found it on level 5 of the Dungeon)

   Str:       It affects your strength (+4).
   Int:       It affects your intelligence (+3).
   MP:        It affects your magic capacity (-9).
   Will:      It decreases your willpower.
 o - a +0 scimitar
 N - the +7 rapier "Ynos" (weapon) {speed, rPois Will+ Str+4}
   (You found it on level 11 of the Dungeon)

   Str:       It affects your strength (+4).
   rPois:     It protects you from poison.
   Will:      It increases your willpower.
Missiles
 d - 143 stones
 u - 6 javelins
 D - 3 throwing nets
Armour
 a - a +1 robe (worn)
 p - the +0 pair of boots of Levity {rPois rN+ Dex+3}
   (You acquired it on level 6 of the Dungeon)

   Dex:       It affects your dexterity (+3).
   rPois:     It protects you from poison.
   rN:        It protects you from negative energy.
 r - a +0 kite shield
 s - a +0 pair of gloves (worn)
 J - a +0 cloak (worn)
 O - a +1 hat (worn)
Jewellery
 m - a ring of see invisible (left hand)
 x - a +6 ring of intelligence (right hand)
 A - a ring of positive energy
Wands
 v - a wand of paralysis (9)
 E - a wand of quicksilver (4)
 H - a wand of polymorph (8)
 I - a wand of flame (34)
 K - a wand of mindburst (17)
Scrolls
 h - 3 scrolls of enchant armour
 q - a scroll of magic mapping
 y - 3 scrolls of poison
 C - a scroll of immolation
 F - 2 scrolls of fear
 L - 3 scrolls of enchant weapon
 M - a scroll of blinking
 Q - 2 scrolls of identify
 R - 2 scrolls of teleportation
Potions
 b - a potion of magic
 c - a potion of flight
 f - 2 potions of attraction
 j - 5 potions of curing
 k - 4 potions of cancellation
 n - 2 potions of heal wounds
 t - 2 potions of might
 w - 2 potions of ambrosia
 z - 3 potions of brilliance {unknown}
 B - 3 potions of mutation {unknown}
 G - 4 potions of haste
 P - a potion of lignification


   Skills:
 + Level 10.3 Fighting
 + Level 9.7 Dodging
 - Level 1.7 Stealth
 * Level 14.4 Spellcasting
 - Level 4.2 Conjurations
 - Level 4.0 Hexes
 - Level 7.1 Transmutations
 - Level 2.0 Air Magic
 - Level 3.1 Earth Magic
 - Level 7.3 Poison Magic


You couldn't memorise any spells.
You knew the following spells:

 Your Spells              Type           Power      Damage    Failure   Level
a - Sting                 Tmut/Pois      100%       1d8       1%          1
b - Yara's Violent Unrav  Hex/Tmut       23%        3d10      2%          5
c - Mephitic Cloud        Conj/Pois/Air  42%        N/A       1%          3
d - Olgreb's Toxic Radia  Pois           54%        N/A       1%          4
e - Eringya's Noxious Bo  Tmut/Pois      27%        N/A       6%          6
f - Swiftness             Air            29%        N/A       3%          3
g - Passwall              Tmut/Erth      37%        N/A       1%          2
h - Stone Arrow           Conj/Erth      74%        3d11      1%          3
i - Ignite Poison         Fire/Tmut/Pois 43%        N/A       1%          3
j - Lee's Rapid Deconstr  Erth           17%        3d10*     6%          5
k - Borgnjor's Vile Clut  Necr/Erth      13%        N/A       41%         5

Your spell library contained the following spells:

 Spells                   Type           Power      Damage    Failure   Level
 Fireball                 Conj/Fire      14%        3d8       10%         5
 Sandblast                Erth           68%        2d15      1%          1
 Ensorcelled Hibernation  Hex/Ice        58%        N/A       1%          2
 Poisonous Vapours        Pois/Air       86%        N/A       1%          2
 Frozen Ramparts          Ice            36%        1d6       2%          3
 Lesser Beckoning         Tloc           36%        N/A       4%          2
 Alistair's Intoxication  Tmut/Pois      36%        N/A       4%          5
 Ice Form                 Ice/Tmut       37%        N/A       7%          4
 Gell's Gravitas          Tloc           18%        N/A       9%          3
 Ozocubu's Armour         Ice            18%        N/A       9%          3
 Teleport Other           Tloc           18%        N/A       9%          3
 Anguish                  Hex/Necr       14%        N/A       13%         4
 Summon Ice Beast         Ice/Summ       18%        N/A       28%         4
 Metabolic Englaciation   Hex/Ice        14%        N/A       34%         5
 Simulacrum               Ice/Necr       9%         N/A       99%         6
 Enfeeble                 Hex            19%        N/A       99%         7


Dungeon Overview and Level Annotations

Branches:
Dungeon (12/15)            Temple (1/1) D:6            Lair (4/5) D:9
 Shoals (0/4) Lair:2        Snake (1/4) Lair:2          Orc (1/2) D:11
  Slime: Lair:4-5

Altars:
Ashenzari
Cheibriados
Dithmenos
Fedhas
Gozag
Hepliaklqana
Kikubaaqudgha
Nemelex Xobeh
Okawaru
Qazlal
Ru
Trog
Vehumet
Wu Jian
Xom
Yredelemnul

Annotations:
Lair:1 3 runed translucent doors, Coekuehi's ghost, journeyman MiBe
Lair:4 exclusion: ice statue


Innate Abilities, Weirdness & Mutations

You have hooves in place of feet.
Your demonic aura often causes spilled blood to erupt in flames.
You are robust. (+10% HP)
You are mostly covered in sharp spines.
When seriously injured, your blood forms thick armour. (AC +9)


Message History

The ice statue gestures.
You take 13 damage, and have 100/113 hp.
You now have 28/31 mp.
Casting: Mephitic Cloud (safe; 1% risk of failure)
Confirm with . or Enter, or press ? or * to list all spells.
You ignite the poison in your surroundings!
You are engulfed in freezing vapours.
Your blood congeals into armour.
The ice beast is engulfed in blazing flames.
You take 26 damage, and have 74/113 hp.
MASSIVE DAMAGE!!
You now have 25/31 mp.
You are engulfed in freezing vapours.
The ice statue is engulfed in blazing flames.
The ice statue gestures.
You take 12 damage, and have 62/113 hp.
You are engulfed in freezing vapours.
The ice statue is engulfed in blazing flames.
You take 14 damage, and have 48/113 hp.
You are engulfed in freezing vapours.
* * * LOW HITPOINT WARNING * * *
The ice statue is engulfed in blazing flames.
The ice beast is struck by your spines.
You kill the ice beast!
The ice beast disappears in a puff of smoke!
You take 17 damage, and have 31/113 hp.
There's nothing to close nearby.
Casting: Ignite Poison (safe; 1% risk of failure)
Confirm with . or Enter, or press ? or * to list all spells.
Aiming: Mephitic Cloud (safe; 1% risk of failure)
Press: ? - help, Shift-Dir - straight line The ball explodes into a vile cloud!
The stinking cloud engulfs the ice statue but does no damage.
The ice statue is heavily damaged.
You are engulfed in freezing vapours.
* * * LOW HITPOINT WARNING * * *
The ice statue is engulfed in blazing flames.
You take 14 damage, and have 17/113 hp.
You now have 23/31 mp.
Casting: Mephitic Cloud (safe; 1% risk of failure)
Confirm with . or Enter, or press ? or * to list all spells.
You ignite the poison in your surroundings!
You are engulfed in freezing vapours.
You die...

........≈~~≈≈≈≈≈≈≈≈≈≈≈≈≈≈≈....##
..........≈~≈≈≈[?)|≈≈≈~≈≈..P...#
##........≈≈≈≈≈☼8§:≈≈≈≈~......##
#........~.≈≈≈≈○°§(≈≈≈~≈≈.....#
#....)..≈~≈~≈≈≈○≈○≈≈≈≈~≈≈≈....#
#........≈.~≈≈≈§≈≈≈≈≈≈~.≈.....#
##.....≈≈...≈≈≈≈°≈≈≈≈≈...~....##
##.....≈≈~.≈≈≈≈≈Y≈≈≈≈≈≈.≈≈.#...#
#......≈≈~~.~≈≈≈@.≈≈≈≈.~~≈≈#..##
##......~~≈≈..........≈~~~....##
P#.....⌠.≈≈≈..........≈.≈.⌠....#
..............................##
.####.###....#####.#....##.####
## ### ###### ###########


You could see an ice statue and an ice beast (summoned).

Vanquished Creatures
  Rupert (Lair:4)
  Jorgrun (Orc:1)
  Gastronok (Lair:2)
  Snorg (Lair:3)
  2 hydras
  3 boulder beetles
  A two-headed ogre (D:11)
  A skyshark (Lair:2)
  A lindwurm (Lair:2)
  2 orc knights
  3 cyclopes
  A manticore (D:11)
  16 elephants
  Maurice (D:10)
  2 centaur zombies (D:10)
  Joseph (Lair:1)
  3 black mambas (Lair:2)
  7 cane toads
  2 rime drakes
  Psyche (D:11)
  6 komodo dragons
  An ice devil (Lair:4)
  6 trolls
  Grinder (D:5)
  3 polar bears (Lair:4)
  5 dream sheep (Lair:3)
  A snapping turtle (Lair:2)
  13 blink frogs
  3 wyverns
  3 wraiths
  35 yaks
  A human (shapeshifter) (D:11)
  A vampire mosquito (D:11)
  Menkaure (D:5)
  An acid dragon (D:10)
  23 water moccasins
  2 hell hounds (Lair:1)
  Duvessa (D:5)
  9 orc warriors
  8 ice beasts
  A black bear (D:4)
  A swamp drake (D:11)
  13 wolves
  4 ogres
  3 phantoms
  A centaur (D:8)
  Blork the orc (D:5)
  6 bullfrogs
  5 gnoll sergeants
  2 scorpions (D:5)
  10 wights
  Dowan (D:5)
  3 killer bees (D:10)
  5 electric eels
  5 howler monkeys
  3 lava snakes (Lair:2)
  4 orc priests
  7 hounds
  2 jellies
  A gnoll bouda (D:5)
  An iguana (D:5)
  10 orc wizards
  5 adders
  27 gnolls
  2 shadow imps
  5 white imps
  3 ufetubi
  3 worms
  4 dart slugs
  49 orcs
  4 bats (D:2)
  5 endoplasms
  3 giant cockroaches
  8 goblins
  8 hobgoblins
  8 jackals (D:3)
  5 kobolds
  6 quokkas
  11 ball pythons
  5 frilled lizards
  8 rats
433 creatures vanquished.

Vanquished Creatures (others)
  A quokka (D:7)
  17 fungi
  38 plants
56 creatures vanquished.

Grand Total: 489 creatures vanquished

Notes
Turn   | Place    | Note
-------+----------+-------------------------------------------
     0 | D:1      | jasper the Demonspawn Venom Mage began the quest for the
                  | Orb.
     0 | D:1      | Reached XP level 1. HP: 13/13 MP: 3/3
   334 | D:1      | Gained mutation: When seriously injured, your blood forms
                  | armour. (AC +9) [demonic ancestry]
   334 | D:1      | Reached XP level 2. HP: 19/19 MP: 3/5
   343 | D:1      | Learned a level 2 spell: Poisonous Vapours
  1153 | D:1      | Found a faded altar of an unknown god.
  1495 | D:2      | Gained mutation: You have large cloven feet. [demonic
                  | ancestry]
  1495 | D:2      | Reached XP level 3. HP: 24/24 MP: 1/6
  1499 | D:2      | Learned a level 3 spell: Mephitic Cloud
  1781 | D:2      | Found an iron altar of Okawaru.
  2789 | D:3      | Found a bloodstained altar of Trog.
  2955 | D:3      | Gained mutation: You have hoof-like feet. [demonic
                  | ancestry]
  2955 | D:3      | Reached XP level 4. HP: 29/30 MP: 0/7
  3050 | D:3      | Reached skill level 5 in Poison Magic
  3258 | D:3      | Found a blossoming altar of Fedhas.
  3613 | D:3      | You fall into a shaft and drop 3 floors!
  3622 | D:6      | Noticed an ogre
  3635 | D:6      | Killed an ogre
  3636 | D:6      | Reached skill level 1 in Air Magic
  3636 | D:6      | Gained mutation: Your demonic aura sometimes causes spilled
                  | blood to erupt in flames. [demonic ancestry]
  3636 | D:6      | Reached XP level 5. HP: 35/35 MP: 1/8
  3730 | D:5      | Entered Level 5 of the Dungeon
  3923 | D:5      | Gained mutation: When seriously injured, your blood forms
                  | thick armour. (AC +9) [demonic ancestry]
  3923 | D:5      | Reached XP level 6. HP: 35/41 MP: 4/10
  3927 | D:5      | Identified the +7 trident of Quantum Leap {pain, Will- MP-9
                  | Str+4 Int+3}
  4009 | D:5      | Noticed Blork the orc
  4042 | D:5      | Killed Blork the orc
  4043 | D:5      | Reached skill level 3 in Spellcasting
  4081 | D:5      | Learned a level 4 spell: Olgreb's Toxic Radiance
  4308 | D:5      | Noticed Grinder
  4318 | D:5      | Killed Grinder
  4319 | D:5      | Gained mutation: Your demonic aura often causes spilled
                  | blood to erupt in flames. [demonic ancestry]
  4319 | D:5      | Reached XP level 7. HP: 31/46 MP: 10/12
  4912 | D:4      | Reached skill level 4 in Spellcasting
  5920 | D:5      | Noticed Menkaure
  5927 | D:5      | Killed Menkaure
  5928 | D:5      | Reached skill level 5 in Spellcasting
  5928 | D:5      | Reached XP level 8. HP: 43/52 MP: 15/15
  5934 | D:5      | Learned a level 5 spell: Alistair's Intoxication
  6095 | D:5      | Reached skill level 1 in Transmutations
  6652 | D:5      | Noticed Duvessa
  6652 | D:5      | Noticed Dowan
  6659 | D:5      | Killed Dowan
  6678 | D:5      | Killed Duvessa
  6679 | D:5      | Reached skill level 1 in Fighting
  7260 | D:6      | Identified a scroll of acquirement
  7260 | D:6      | Acquired the +0 pair of boots of Levity {rPois rN+ Dex+3}
  7524 | D:6      | Learned a level 3 spell: Swiftness
  7551 | D:6      | Found a staircase to the Ecumenical Temple.
  7659 | Temple   | Entered the Ecumenical Temple
  7731 | Temple   | Became a worshipper of Vehumet
  8778 | D:8      | Found an ornate altar of the Wu Jian Council.
  8852 | D:8      | Reached skill level 6 in Spellcasting
  8954 | D:7      | Gained mutation: You are partially covered in sharp spines.
                  | [demonic ancestry]
  8954 | D:7      | Reached XP level 9. HP: 51/62 MP: 18/18
  9209 | D:7      | Reached * piety under Vehumet
  9209 | D:7      | Offered knowledge of Magic Dart by Vehumet.
  9213 | D:7      | Learned a level 2 spell: Passwall
  9477 | D:7      | Reached skill level 5 in Transmutations
 10133 | D:8      | Found a stormy altar of Qazlal.
 10338 | D:8      | Found an iron altar of Okawaru.
 10730 | D:9      | Reached skill level 7 in Spellcasting
 10975 | D:9      | Offered knowledge of Searing Ray by Vehumet.
 10996 | D:9      | Reached ** piety under Vehumet
 11070 | D:9      | Reached skill level 8 in Spellcasting
 11074 | D:9      | Learned a level 3 spell: Stone Arrow
 11161 | D:9      | Noticed a troll
 11177 | D:9      | Killed a troll
 11178 | D:9      | Reached skill level 1 in Earth Magic
 11178 | D:9      | Gained mutation: You have hooves in place of feet. [demonic
                  | ancestry]
 11178 | D:9      | Reached XP level 10. HP: 71/71 MP: 15/22
 11480 | D:9      | Found an opulent altar of Gozag.
 11541 | D:9      | Found an ancient bone altar of Kikubaaqudgha.
 11771 | D:9      | Found a staircase to the Lair.
 12400 | D:10     | Entered Level 10 of the Dungeon
 12471 | D:10     | Noticed a cyclops
 12500 | D:10     | Killed a cyclops
 12799 | D:10     | Noticed Maurice
 12818 | D:10     | Killed Maurice
 13297 | D:10     | Reached skill level 5 in Dodging
 13303 | D:10     | Learned a level 5 spell: Yara's Violent Unravelling
 13533 | D:10     | Offered knowledge of Static Discharge by Vehumet.
 13711 | D:10     | Reached skill level 9 in Spellcasting
 13711 | D:10     | Reached skill level 1 in Hexes
 13711 | D:10     | Gained mutation: You are mostly covered in sharp spines.
                  | [demonic ancestry]
 13711 | D:10     | Reached XP level 11. HP: 59/78 MP: 3/24
 13828 | D:10     | Found a basalt altar of Yredelemnul.
 13912 | D:10     | Reached *** piety under Vehumet
 14279 | D:11     | Reached skill level 5 in Fighting
 14539 | D:11     | Noticed a harpy
 14543 | D:11     | a harpy changed into a human
 14608 | D:11     | Noticed an orc knight
 14612 | D:11     | Noticed Psyche
 14624 | D:11     | Killed Psyche
 14628 | D:11     | Killed an orc knight
 14742 | D:11     | Noticed a two-headed ogre
 14759 | D:11     | Killed a two-headed ogre
 14939 | D:11     | Identified the +7 rapier "Ynos" {speed, rPois Will+ Str+4}
 15304 | D:11     | Offered knowledge of Ignite Poison by Vehumet.
 15309 | D:11     | Learned a level 3 spell: Ignite Poison
 15465 | D:11     | Found a staircase to the Orcish Mines.
 15744 | D:11     | Reached skill level 10 in Spellcasting
 15802 | D:12     | Noticed a boulder beetle
 15808 | D:12     | Killed a boulder beetle
 15937 | Orc:1    | Entered Level 1 of the Orcish Mines
 15947 | Orc:1    | Noticed an orc knight
 15952 | Orc:1    | Killed an orc knight
 16336 | Orc:1    | Noticed Jorgrun
 16346 | Orc:1    | Killed Jorgrun
 16347 | Orc:1    | Gained mutation: You are robust. (+10% HP) [demonic
                  | ancestry]
 16347 | Orc:1    | Reached XP level 12. HP: 30/97 MP: 5/26
 16437 | Orc:1    | Noticed an orc warlord
 16658 | Lair:1   | Entered Level 1 of the Lair of Beasts
 16658 | Lair:1   | Noticed a boulder beetle
 16664 | Lair:1   | Killed a boulder beetle
 16815 | Lair:1   | Reached skill level 11 in Spellcasting
 16897 | Lair:1   | Found a runed translucent gate.
 16902 | Lair:1   | Found a runed translucent gate.
 16902 | Lair:1   | Noticed Coekuehi's ghost (journeyman MiBe)
 16903 | Lair:1   | Found a runed translucent gate.
 16903 | Lair:1   | Noticed a nine-headed hydra
 16936 | Lair:1   | Noticed a four-headed hydra
 16944 | Lair:1   | Killed a four-headed hydra
 17071 | Lair:1   | Noticed Joseph
 17075 | Lair:1   | Killed Joseph
 17209 | Lair:1   | Reached **** piety under Vehumet
 17303 | Lair:1   | Noticed a boulder beetle
 17308 | Lair:1   | Killed a boulder beetle
 17998 | Lair:2   | Offered knowledge of Lee's Rapid Deconstruction by Vehumet.
 18005 | Lair:2   | Learned a level 5 spell: Lee's Rapid Deconstruction
 18227 | Lair:2   | Reached skill level 12 in Spellcasting
 18237 | Lair:2   | Noticed Gastronok
 19179 | Lair:2   | Found a staircase to the Snake Pit.
 19571 | Lair:2   | Learned a level 6 spell: Eringya's Noxious Bog
 19857 | Lair:2   | Killed Gastronok
 19858 | Lair:2   | Reached XP level 13. HP: 39/110 MP: 8/29
 20314 | Lair:2   | Found a staircase to the Shoals.
 20615 | Snake:1  | Entered Level 1 of the Snake Pit
 20793 | Lair:3   | Reached skill level 13 in Spellcasting
 21070 | Lair:3   | Reached ***** piety under Vehumet
 21155 | Lair:3   | Noticed Snorg
 21165 | Lair:3   | Killed Snorg
 21174 | Lair:3   | Offered knowledge of Fireball by Vehumet.
 22272 | Lair:4   | Reached skill level 10 in Fighting
 22272 | Lair:4   | Reached skill level 14 in Spellcasting
 22285 | Lair:4   | Learned a level 5 spell: Borgnjor's Vile Clutch
 22315 | Lair:4   | Found a shimmering altar of Xom.
 22416 | Lair:4   | Noticed Rupert
 22428 | Lair:4   | Killed Rupert
 23534 | Lair:4   | Engulfed by an ice statue's freezing vapour

Illustrated notes

Levels and vault maps discovered:
D:1:      amcnicky_arrival_underground_garden, layout_basic,
          dreamdust_ecumenical_altar_angels_and_demons
D:2:      layout_loops_cross, basic_altar, minmay_misc_feat_columns
D:3:      layout_loops_cross, mainiacjoe_overflow_cross_hatched,
          mainiacjoe_overflow_brackets, minivault_11,
          hangedman_abyss_or_decor_stabs, chequers_serial_rivers_small_b,
          hex_large
D:4:      layout_rooms
D:5:      layout_cave_pods, nicolae_figureground_sparkle, uniq_menkaure,
          uniq_grinder, uniq_blork_the_orc, uniq_duvessa
D:6:      layout_loops_corners, minmay_temple_entry_poolview
D:7:      layout_basic, elyvilon_altar_4, serial_rivers,
          chequers_serial_rivers_micro_c, chequers_serial_rivers_small_3,
          chequers_serial_rivers_room_a, chequers_serial_rivers_micro_e,
          chequers_serial_rivers_micro_e, chequers_serial_rivers_micro_e,
          chequers_serial_rivers_large_a
D:8:      layout_loops_ring, okawaru_trees_2, lemuel_crystal_altar,
          mainiacjoe_overflow_paths, kennysheep_another_room
D:9:      layout_stronghold, grunt_temple_overflow_gold_and_silver,
          amcnicky_altar_gilded, erik_lair_island
D:10:     layout_loops_corners, lemuel_zombie_altar_yredelemnul, uniq_maurice
D:11:     layout_roguey, erik_orc_1, hangedman_corner_corridor, uniq_psyche
D:12:     layout_stronghold, serial_shops, nicolae_square_shop,
          nicolae_underground_beach
Temple:   hc_temple_tempest_star
Lair:1:   layout_chaotic_city, gammafunk_ghost_hydra_chop, enter_volcano_3,
          grunt_megastairs_1, uniq_joseph
Lair:2:   layout_layer_cave, minmay_shoals_entry_hut,
          minmay_snake_entry_six_corridors, fungi_pond_lemuel,
          nicolae_lair_liquid_snakes, uniq_gastronok
Lair:3:   layout_gridlike, hibernation_bobbens, grunt_megastairs_5, uniq_snorg
Lair:4:   layout_regular_city, basic_altar, ice2_lemuel, uniq_rupert
Snake:1:  nicolae_snake_attic_fulla_snakes, layout_cave_shapes,
          serial_bayou_shore_b, uniq_asterion
Orc:1:    layout_caves, uniq_erica, uniq_jorgrun

Skill      XL: |  1  2  3  4  5  6  7  8  9 10 11 12 13 |
---------------+----------------------------------------+-----
Poison Magic   | 4 5 6 7 |  7.3
Conjurations   | 2 4 |  4.2
Air Magic      | 1 2 |  2.0
Spellcasting   | 3 5 6 8 9 10 12 14 | 14.4
Transmutations | 4 5 7 |  7.1
Dodging        | 3 4 5 6 8 9 |  9.7
Fighting       | 2 4 6 8 10 | 10.3
Earth Magic    | 1 3 |  3.1
Hexes          | 1 4 |  4.0
Stealth        | |  1.7

Action                     |  1- 3 |  4- 6 |  7- 9 | 10-12 | 13-15 || total
---------------------------+-------+-------+-------+-------+-------++-------
  Melee: Dagger            |     1 |       |       |       |       ||     1
         Short sword       |     2 |       |       |       |       ||     2
         Spear             |     8 |    15 |    17 |       |       ||    40
         Kick              |     1 |     4 |     4 |    25 |    28 ||    62
         Scimitar          |       |       |    72 |    45 |       ||   117
         Punch             |       |       |     1 |       |       ||     1
         Rapier            |       |       |       |    15 |    55 ||    70
  Throw: Stone             |     3 |       |       |       |       ||     3
         Throwing net      |       |       |     2 |       |       ||     2
   Cast: Sting             |    40 |    30 |    95 |     2 |     1 ||   168
         Poisonous Vapours |    40 |    27 |    42 |       |       ||   109
         Olgreb's Toxic Ra |       |       |    44 |   118 |    33 ||   195
         Mephitic Cloud    |       |       |     1 |     3 |     3 ||     7
         Stone Arrow       |       |       |       |    45 |     4 ||    49
         Alistair's Intoxi |       |       |       |    15 |       ||    15
         Ignite Poison     |       |       |       |    41 |    36 ||    77
         Lee's Rapid Decon |       |       |       |    26 |     4 ||    30
         Swiftness         |       |       |       |     2 |     3 ||     5
         Eringya's Noxious |       |       |       |       |    13 ||    13
  Evoke: Wand              |       |     3 |    28 |     4 |       ||    35
    Use: Scroll            |     5 |     2 |     8 |     8 |       ||    23
         Potion            |       |       |       |       |     1 ||     1
   Stab: Paralysed         |       |       |    15 |       |       ||    15
         Sleeping          |       |       |     1 |       |       ||     1
 Armour: Robe              |     7 |     5 |    36 |    29 |    22 ||    99
  Dodge: Dodged            |    15 |    21 |    96 |    87 |    75 ||   294

Table legend: (Time is in decaauts)
 A = Elapsed time spent in this place.
 B = Non-inter-level travel time spent in this place.
 C = Inter-level travel time spent in this place.
 D = Time resting spent in this place.
 E = Time spent auto-exploring this place.
 F = Levels seen in this place.
 G = Mean time per level.
                   A        B        C        D        E       F      G
               +--------+--------+--------+--------+--------+-----+--------+
         Total |  23624 |  22790 |    834 |   2078 |  17572 |  19 | 1243.4 |
       Dungeon |  16364 |  15741 |    623 |   1165 |  12315 |  12 | 1363.7 |
        Temple |     87 |     57 |     30 |      0 |     48 |   1 |   87.0 |
          Lair |   6882 |   6702 |    180 |    774 |   5121 |   4 | 1720.5 |
     Snake Pit |      1 |      1 |      0 |      0 |      0 |   1 |    1.0 |
  Orcish Mines |    288 |    288 |      0 |    139 |     88 |   1 |  288.0 |
               +--------+--------+--------+--------+--------+-----+--------+

Top non-repeatable levels by time:
  Lair:2: 2394 daAuts
    D:11: 1965 daAuts
    D:10: 1907 daAuts
     D:5: 1861 daAuts
     D:9: 1817 daAuts
  Lair:1: 1692 daAuts
     D:3: 1676 daAuts
     D:1: 1459 daAuts
     D:7: 1454 daAuts
  Lair:4: 1430 daAuts
  Lair:3: 1365 daAuts
     D:6: 1339 daAuts
     D:2: 1057 daAuts
     D:4: 892 daAuts
     D:8: 840 daAuts
